 Dungeon Crawl Stone Soup version 0.17.0-28-g6e173f8 (webtiles) character file.

10909 dohliylev the Thaumaturge (level 11, -5/60 HPs)
             Began as a Gargoyle Venom Mage on Nov 28, 2015.
             Was a Believer of Vehumet.
             Killed by nerve-wracking pain
             ... invoked by a shadow imp
              (7 damage)
             ... on level 11 of the Dungeon.
             The game lasted 01:55:24 (12807 turns).

dohliylev the Thaumaturge (Gargoyle Venom Mage)    Turns: 12807, Time: 01:55:24

Health: -5/60      AC: 11    Str: 12    XL:     11   Next: 69%
Magic:  2/26       EV: 11    Int: 24    God:    Vehumet [**....]
Gold:   586        SH:  7    Dex: 10    Spells: 5 memorised, 16 levels left

rFire  + . .     SeeInvis .     s - +3 dagger
rCold  x . .     Clarity  .     Q - +0 robe {MR+}
rNeg   + . .     SustAt   .     Z - +0 shield
rPois  ∞         Gourm    .     o - +0 helmet
rElec  +         Spirit   .     (no cloak)
rCorr  .         Warding  .     (no gloves)
rMut   .         Stasis   .     v - +0 pair of boots
MR     +....                    (no amulet)
Stlth  ++........               S - +5 ring of intelligence
                                T - ring of fire

@: very slightly contaminated, somewhat resistant to hostile enchantments,
unstealthy
A: negative energy resistance 1, electricity resistance, unbreathing,
petrification resistance, rot immunity, AC +7
a: Renounce Religion


You were on level 11 of the Dungeon.
You worshipped Vehumet.
Vehumet was pleased with you.
You were near starving.

You visited 2 branches of the dungeon, and saw 12 of its levels.
You also visited: Sewer.

You collected 586 gold pieces.

Inventory:

Hand Weapons
 s - a +3 dagger (weapon)
Missiles
 K - a throwing net (quivered)
Armour
 o - a +0 helmet (worn)
 v - a +0 pair of boots (worn)
 Q - a +0 robe of magic resistance (worn)
 Z - a +0 shield (worn)
Jewellery
 A - a +5 ring of slaying
 D - a +2 ring of protection
 S - a +5 ring of intelligence (right hand)
 T - a ring of fire (left hand)
Wands
 a - a wand of lightning (4)
 w - a wand of digging (1)
 B - a wand of paralysis (10)
 H - a wand of flame (28)
 O - a wand of flame (1)
 P - a wand of cold (8)
 U - a wand of confusion (17)
 V - a wand of cold (4)
 W - a wand of digging (8)
Scrolls
 l - 5 scrolls of enchant weapon
 p - a scroll of immolation
 q - 12 scrolls of remove curse
 u - 4 scrolls of blinking
 y - 2 scrolls of magic mapping
 z - 2 scrolls of recharging {unknown}
 E - a scroll of fog {unknown}
 I - a scroll of amnesia {unknown}
 M - 2 scrolls of fear {unknown}
 R - a scroll of acquirement {unknown}
Potions
 f - 2 potions of degeneration {unknown}
 g - 3 potions of heal wounds {unknown}
 h - 2 potions of agility
 i - 3 potions of might {unknown}
 m - 2 potions of lignification {unknown}
 r - 2 potions of cure mutation {unknown}
 t - 3 potions of magic {unknown}
 C - 9 potions of curing {unknown}
 L - a potion of brilliance {unknown}
 N - 2 potions of haste {unknown}
 X - a potion of resistance {unknown}
Books
 b - a Young Poisoner's Handbook

   Spells                             Type                      Level
   a - Sting                          Conjuration/Poison           1
   b - Cure Poison                    Poison                       2
   c - Mephitic Cloud                 Conjuration/Poison/Air       3
   d - Olgreb's Toxic Radiance        Poison                       4
   e - Venom Bolt                     Conjuration/Poison           5
 Y - a book of Annihilations

   Spells                             Type                      Level
   a - Poison Arrow                   Conjuration/Poison           6
   b - Chain Lightning                Conjuration/Air              8
   c - Lehudib's Crystal Spear        Conjuration/Earth            8
   d - Glaciate                       Conjuration/Ice              9
   e - Fire Storm                     Conjuration/Fire             9
Comestibles
 c - 10 bread rations
 d - 8 fruits
 j - a royal jelly
 k - a beef jerky
 F - 4 meat rations
 J - 12 slices of pizza


   Skills:
 + Level 3.5 Fighting
 + Level 2.4 Short Blades
 + Level 6.0 Dodging
 - Level 3.0 Stealth
 + Level 1.3 Shields
 * Level 11.4 Spellcasting
 + Level 5.6 Conjurations
 + Level 0.6 Fire Magic
 + Level 2.0 Air Magic
 + Level 9.2 Poison Magic


You had 16 spell levels left.
You knew the following spells:

 Your Spells              Type           Power        Failure   Level  Hunger
a - Sting                 Conj/Pois      ####         1%          1    None
b - Mephitic Cloud        Conj/Pois/Air  #####...     10%         3    None
c - Olgreb's Toxic Radia  Pois           ######..     8%          4    None
d - Poison Arrow          Conj/Pois      #####.....   99%         6    #####..
e - Throw Flame           Conj/Fire      #####.       14%         2    None


Dungeon Overview and Level Annotations

Branches:
Dungeon (11/15)            Temple (1/1) D:7
   Lair: D:8-11         Orc: D:9-12

Altars:
Ashenzari
Cheibriados
Dithmenos
Elyvilon
Fedhas
Gozag
Kikubaaqudgha
Makhleb
Nemelex Xobeh
Okawaru
Qazlal
Ru
Sif Muna
Trog
Vehumet
Xom
Yredelemnul
Zin
The Shining One

Annotations:
D:10 AAAAA's ghost, novice MiFi
D:11 Gastronok


Innate Abilities, Weirdness & Mutations

You are resistant to torment.
Your stone body is resilient (AC +7).
You are immune to poison.
You resist negative energy.
You are resistant to electric shocks.
You can survive without breathing.
You are immune to petrification.
You are immune to rotting.


Message History

The stinking cloud engulfs the hippogriff.
The stinking cloud engulfs the red ugly thing.
The stinking cloud engulfs you!
The stinking cloud engulfs the ice beast.
The hippogriff is engulfed in noxious fumes.
The hippogriff bites you but does no damage.
The hippogriff closely misses you. The hippogriff claws you.
* * * LOW HITPOINT WARNING * * *
A shadow imp comes into view.
The hippogriff is engulfed in noxious fumes.
The hippogriff appears confused.
The hippogriff is engulfed in noxious fumes.
The red ugly thing is engulfed in noxious fumes.
You see here a bread ration.
The shadow imp gestures at you. Pain shoots through your body!
* * * LOW HITPOINT WARNING * * *
The shadow imp gestures at you. Pain shoots through your body!
You die...

##############
##....#.......##
#..............#
#..............#
#.......@......#
#..............#
#.....Ju..5....#
#....%.Y.......#
#..............#
#######....###.....##
#...#..#...§#########
............§.#
............=.#


You could see a red ugly thing, an ice beast, a jelly and a shadow imp.

Vanquished Creatures
  Erolcha (D:10)
  An unseen horror (D:10)
  The ghost of Britaniac the Conjurer, a novice GrFE (D:4)
  A gargoyle (D:10)
  2 two-headed ogres
  Grinder (D:5)
  Sigmund (D:4)
  A wyvern (D:8)
  2 steam dragons (D:8)
  8 yaks
  3 hippogriffs
  4 hungry ghosts
  A deep elf fighter (D:9)
  Edmund (D:4)
  Duvessa (D:6)
  An eye of draining (D:9)
  3 ice beasts
  3 sky beasts
  5 centaurs
  A phantom (D:8)
  2 orc warriors
  10 ogres
  10 big kobolds
  3 giant frogs
  Dowan (D:6)
  9 killer bees
  4 scorpions
  An electric eel (D:9)
  4 wights (D:9)
  2 crimson imps (D:8)
  A jelly (D:4)
  2 quasits (D:10)
  4 hounds
  3 centaur skeletons
  A giant frog zombie (D:5)
  5 orc priests
  A gnoll shaman (D:4)
  3 iguanas
  3 giant frog skeletons
  7 worker ants
  13 orc wizards
  A hound zombie (D:8)
  A hound skeleton (D:4)
  Robin (D:2)
  8 adders
  8 gnolls
  A worker ant zombie (D:9)
  A shadow imp (D:8)
  2 oozes
  3 adder skeletons
  A worm (D:2)
  3 giant geckos
  31 orcs
  8 bats
  4 giant cockroaches
  12 hobgoblins
  18 jackals
  2 quokkas
  5 ball pythons
  12 giant newts
  19 goblins
  A jackal zombie (D:5)
  69 kobolds
  8 rats
350 creatures vanquished.

Vanquished Creatures (others)
  A giant gecko (D:2)
  A kobold (D:2)
2 creatures vanquished.

Grand Total: 352 creatures vanquished

Notes
Turn   | Place    | Note
--------------------------------------------------------------
     0 | D:1      | dohliylev the Gargoyle Venom Mage began the quest for the Orb.
     0 | D:1      | Reached XP level 1. HP: 10/10 MP: 3/3
   221 | D:1      | Reached XP level 2. HP: 15/15 MP: 1/5
   761 | D:1      | Reached XP level 3. HP: 20/20 MP: 4/6
   872 | D:1      | Learned a level 3 spell: Mephitic Cloud
  1576 | D:2      | Noticed Robin
  1600 | D:2      | Reached XP level 4. HP: 21/24 MP: 0/7
  1647 | D:2      | Killed Robin
  1759 | D:2      | Found a snail-covered altar of Cheibriados.
  2116 | D:3      | Reached skill level 1 in Conjurations
  2116 | D:3      | Reached XP level 5. HP: 28/28 MP: 0/9
  2135 | D:3      | Found a faded altar to an unknown god.
  2293 | D:3      | Found a bloodstained altar of Trog.
  2311 | D:3      | Learned a level 4 spell: Olgreb's Toxic Radiance
  2447 | D:3      | Found a sacrificial altar of Ru.
  2465 | D:3      | Found a sparkling altar of Nemelex Xobeh.
  2465 | D:3      | Found a glowing golden altar of the Shining One.
  2662 | D:3      | Noticed a big kobold
  2705 | D:3      | Killed a big kobold
  2705 | D:3      | Reached skill level 5 in Poison Magic
  2747 | D:3      | Reached XP level 6. HP: 33/33 MP: 1/11
  2874 | D:3      | Noticed a big kobold
  2874 | D:3      | Noticed a big kobold
  2874 | D:3      | Noticed a big kobold
  2874 | D:3      | Noticed a big kobold
  2875 | D:3      | Noticed a big kobold
  2875 | D:3      | Noticed a big kobold
  2879 | D:3      | Noticed a big kobold
  2889 | D:3      | Killed a big kobold
  2892 | D:3      | Killed a big kobold
  2934 | D:3      | Killed a big kobold
  2942 | D:3      | Reached XP level 7. HP: 29/37 MP: 0/13
  2965 | D:3      | Killed a big kobold
  3068 | D:3      | Killed a big kobold
  3072 | D:3      | Killed a big kobold
  3072 | D:3      | Reached skill level 5 in Spellcasting
  3095 | D:3      | Killed a big kobold
  3663 | D:4      | Noticed Britaniac's ghost (novice GrFE)
  3957 | D:4      | Reached skill level 1 in Short Blades
  3957 | D:4      | Reached skill level 1 in Fighting
  3959 | D:4      | Reached XP level 8. HP: 18/43 MP: 2/16
  4149 | D:4      | Reached skill level 6 in Poison Magic
  4317 | D:4      | Noticed Sigmund
  4329 | D:4      | Killed Sigmund
  4431 | D:4      | Noticed Edmund
  4481 | D:4      | Killed Edmund
  4492 | D:4      | Found a burning altar of Makhleb.
  4500 | D:4      | Reached skill level 1 in Air Magic
  4578 | D:4      | Killed Britaniac's ghost
  4578 | D:4      | Reached skill level 7 in Spellcasting
  4578 | D:4      | Reached XP level 9. HP: 21/48 MP: 19/19
  4991 | D:4      | Found a sacrificial altar of Ru.
  5045 | D:5      | Entered Level 5 of the Dungeon
  5277 | D:5      | Noticed Grinder
  5279 | D:5      | Paralysed by Grinder for 7 turns
  5615 | D:5      | Killed Grinder
  5834 | D:5      | Found a snail-covered altar of Cheibriados.
  5836 | D:5      | Found an iron altar of Okawaru.
  6060 | D:6      | Noticed Dowan
  6063 | D:6      | Noticed Duvessa
  6071 | D:6      | Killed Dowan
  6074 | D:6      | Reached skill level 8 in Spellcasting
  6076 | D:6      | Killed Duvessa
  6275 | D:6      | Found a glowing drain.
  6300 | Sewer    | Entered a sewer
  6894 | D:6      | You fall through a shaft for 2 floors!
  6919 | D:7      | Found a staircase to the Ecumenical Temple.
  6935 | D:7      | Reached XP level 10. HP: 52/54 MP: 11/22
  6937 | Temple   | Entered the Ecumenical Temple
  6945 | Temple   | Became a worshipper of Vehumet
  7685 | D:7      | Reached skill level 9 in Spellcasting
  8076 | D:8      | Reached * piety under Vehumet
  8076 | D:8      | Offered knowledge of Freeze by Vehumet.
  8076 | D:8      | Reached skill level 5 in Dodging
  9200 | D:8      | Reached skill level 10 in Spellcasting
  9200 | D:8      | Reached skill level 5 in Conjurations
  9315 | D:9      | Found a shattered altar of Ashenzari.
  9347 | D:9      | Offered knowledge of Magic Dart by Vehumet.
  9477 | D:9      | Reached ** piety under Vehumet
  9515 | D:9      | Reached XP level 11. HP: 54/60 MP: 22/25
  9632 | D:9      | Learned a level 6 spell: Poison Arrow
  9893 | D:9      | Found a deep blue altar of Sif Muna.
 10454 | D:10     | Entered Level 10 of the Dungeon
 10519 | D:10     | Killed an unseen horror
 10573 | D:10     | Noticed AAAAA's ghost (novice MiFi)
 10603 | D:10     | Noticed Erolcha
 10826 | D:10     | Killed Erolcha
 10826 | D:10     | Reached skill level 11 in Spellcasting
 10906 | D:10     | Offered knowledge of Throw Flame by Vehumet.
 11067 | D:10     | Learned a level 2 spell: Throw Flame
 11368 | D:10     | Found a glowing golden altar of the Shining One.
 11701 | D:10     | Reached skill level 1 in Shields
 11733 | D:10     | Noticed a four-headed hydra
 11784 | D:10     | HP: 1/60 [AAAAA's ghost (11)]
 11953 | D:10     | Reached *** piety under Vehumet
 12791 | D:11     | Noticed Gastronok
 12802 | D:11     | HP: 2/60 [hippogriff (5)]
 12807 | D:11     | Killed from afar by a shadow imp

Action                   |  1- 3 |  4- 6 |  7- 9 | 10-12 || total
-------------------------+-------+-------+-------+-------++-------
Melee: Unarmed           |    22 |       |       |       ||    22
       Dagger            |    84 |    61 |   219 |   339 ||   703
 Cast: Sting             |    62 |    63 |   138 |   148 ||   411
       Mephitic Cloud    |     1 |     4 |    19 |    33 ||    57
       Olgreb's Toxic Ra |       |     3 |    24 |    41 ||    68
       Throw Flame       |       |       |       |    63 ||    63
  Use: Scroll            |       |       |       |    14 ||    14
 Stab: Sleeping          |     4 |     1 |     1 |     1 ||     7
       Confused          |       |       |     1 |     2 ||     3
  Eat: Chunk             |     3 |     5 |    17 |    18 ||    43
       Bread ration      |       |       |       |     2 ||     2
       Royal jelly       |       |       |       |     1 ||     1
       Beef jerky        |       |       |       |     1 ||     1
